 Dungeon Crawl Stone Soup version 0.27-a0-1189-gb8eb6cee8e (webtiles) character file.

Game seed: 2370236574509507165

35 RepHenryClay the Conjurer (level 3, 0/19 HPs)
             Began as a Deep Elf Conjurer on May 22, 2021.
             Succumbed to an adder's poison
             ... on level 2 of the Dungeon.
             The game lasted 00:01:46 (1430 turns).

RepHenryClay the Conjurer (Deep Elf Conjurer)       Turns: 1430, Time: 00:01:47

Health: 0/19       AC:  2    Str:  4    XL:     3   Next: 17%
Magic:  1/10       EV: 12    Int: 23    God:
Gold:   43         SH:  0    Dex: 13    Spells: 8/9 levels left

rFire    . . .     SeeInvis .   (no weapon)
rCold    . . .     Faith    .   (no shield)
rNeg     . . .     Spirit   .   a - +0 robe
rPois    .         Reflect  .   (no helmet)
rElec    .         Harm     .   b - scarf {repulsion}
rCorr    .         Rampage  .   (no gloves)
Will     .....                  (no boots)
Stlth    ++........             (no amulet)
HPRegen  0.06/turn              (no ring)
MPRegen  0.12/turn              (no ring)

@: lethally poisoned (0 -> -1), repel missiles
A: no striking features
a: no special abilities


You were on level 2 of the Dungeon.
You visited 1 branch of the dungeon, and saw 2 of its levels.

You collected 43 gold pieces.

Inventory:

Armour
 a - a +0 robe (worn)
 b - a scarf of repulsion (worn)
 d - a +2 leather armour of fire resistance
Jewellery
 f - a +6 ring of dexterity
Scrolls
 c - 2 scrolls of teleportation {unknown}
 e - a scroll of immolation {unknown}
 g - a scroll of identify {unknown}


   Skills:
 + Level 3.0 Dodging
 + Level 3.1 Stealth
 + Level 3.6 Spellcasting
 + Level 4.7 Conjurations


You had 8 spell levels left.
You knew the following spells:

 Your Spells              Type           Power      Damage    Failure   Level
a - Magic Dart            Conj           100%       1d8       1%          1

Your spell library contained the following spells:

 Spells                   Type           Power      Damage    Failure   Level
 Searing Ray              Conj           50%        3d5       2%          2
 Dazzling Flash           Conj/Hex       30%        N/A       12%         3
 Fulminant Prism          Conj/Hex       7%         3d7       38%         4
 Iskenderun's Mystic Bla  Conj/Tloc      15%        2d5       38%         4


Dungeon Overview and Level Annotations

Branches:
Dungeon (2/15)

Altars:


Message History

* * * LOW HITPOINT WARNING * * *
You feel sick. The adder barely misses you.
Huge Dmg: -13%(-2hp) hp: 27%(4hp)
You aren't carrying any potions.
Unknown command.
You aren't carrying any potions.
Unknown command.
Casting: Magic Dart (safe; 1% risk of failure)
Confirm with . or Enter, or press ? or * to list all spells.
Aiming: Magic Dart (safe; 1% risk of failure)
Press: ? - help, Shift-Dir - straight line, f/p - adder
Aim: an adder (severely wounded, 100% to hit)
The magic dart hits the adder.
You kill the adder!
* * * LOW HITPOINT WARNING * * *
You feel sick.
Your Dodging skill increases to level 3!
You have reached level 3!
Your experience leads to an increase in your attributes!
Increase (S)trength, (I)ntelligence, or (D)exterity?
You feel clever.
Unknown command.
Casting: Magic Dart (safe; 1% risk of failure)
Confirm with . or Enter, or press ? or * to list all spells.
Aiming: Magic Dart (safe; 1% risk of failure)
Press: ? - help, Shift-Dir - straight line, f - ball python
Aim: a ball python (100% to hit)
The magic dart hits the ball python.
You kill the ball python!
* * * LOW HITPOINT WARNING * * *
You feel sick.
Huge Dmg: -6%(-1hp) hp: 16%(3hp)
* * * LOW HITPOINT WARNING * * *
You feel sick.
Huge Dmg: -5%(-1hp) hp: 11%(2hp)
* * * LOW HITPOINT WARNING * * *
You feel sick.
Huge Dmg: -5%(-1hp) hp: 6%(1hp) Unknown command.
You die...

#.# ....# #......S...
#.# .# ##<.†..K...
###.## #.########
#..#.# #.# #.#.## #.#
#.### #†# #.#### #.#
.....##############K#
#.##.##...†......@..#
####.##.#############
.#.###..# †......##
.#.##### .###...#
.#####.# .......#
.#######


You could see a kobold.

Vanquished Creatures
  An adder (D:2)
  A dart slug (D:1)
  5 ball pythons
  3 bats
  2 giant cockroaches
  2 goblins (D:2)
  2 quokkas
  A frilled lizard (D:2)
  4 kobolds
  2 rats (D:2)
23 creatures vanquished.

Notes
Turn   | Place    | Note
-------+----------+-------------------------------------------
     0 | D:1      | RepHenryClay the Deep Elf Conjurer began the quest for the
                  | Orb.
     0 | D:1      | Reached XP level 1. HP: 10/10 MP: 6/6
    32 | D:1      | Found a faded altar of an unknown god.
   523 | D:1      | Reached XP level 2. HP: 15/15 MP: 5/8
  1427 | D:2      | Reached XP level 3. HP: 4/19 MP: 2/10
  1430 | D:2      | Succumbed to an adder's poison

Illustrated notes

Levels and vault maps discovered:
D:1:      tarquinn_simple_flora_water_c, layout_loops_corners,
          ebering_ecumenical_altar_hall, minmay_pentomino_s4
D:2:      layout_loops_cross, serial_shops, shop, grunt_decor_fettered

Skill      XL: |  1  2 |
---------------+-------+-----
Stealth        | 3 |  3.1
Dodging        | 3 |  3.0
Spellcasting   | |  3.6
Conjurations   | |  4.7

Action                   || total
-------------------------++-------
 Cast: Magic Dart        ||    47
Dodge: Dodged            ||     3

Table legend: (Time is in decaauts)
 A = Elapsed time spent in this place.
 B = Non-inter-level travel time spent in this place.
 C = Inter-level travel time spent in this place.
 D = Time resting spent in this place.
 E = Time spent auto-exploring this place.
 F = Levels seen in this place.
 G = Mean time per level.
                   A        B        C        D        E       F      G
               +--------+--------+--------+--------+--------+-----+--------+
         Total |   1429 |   1364 |     65 |     33 |   1216 |   2 |  714.5 |
       Dungeon |   1429 |   1364 |     65 |     33 |   1216 |   2 |  714.5 |
               +--------+--------+--------+--------+--------+-----+--------+

Top non-repeatable levels by time:
     D:1: 992 daAuts
     D:2: 437 daAuts
